[Event "Titled Tuesday Blitz May 16 Late 2023"]
[White "Spata, German"]
[Black "Bashkansky, Ethan"]
[WhiteFideId "113026"]
[BlackFideId "2071533"]
[WhiteElo "2260"]
[BlackElo "2316"]
[Result "0-1"]
[Round "06"]
[TimeControl "180+2"]
[Date "2023.05.16"]
[WhiteClock "0:00:07"]
[BlackClock "0:00:17"]

1. d4 f5 2. Nf3 Nf6 3. e3 g6 4. Be2 Bg7 5. O-O O-O 6. b3 c6 7. Bb2 a5 8. c4 Na6 9. Nc3 h6 10. d5 Kh7 11. Bd3 Nc5 12. Bc2 d6 13. Nd4 e5 14. dxe6 Nxe6 15. Nf3 Qe7 16. Qe2 Nc5 17. Rad1 Be6 18. Bb1 a4 19. b4 a3 20. Ba1 Nce4 21. Nd4 Bf7 22. Nxe4 Nxe4 23. f3 Ng5 24. Rfe1 c5 25. Nb5 Bxa1 26. Nxd6 Bc3 27. Nxf7 Rxf7 28. Rf1 cxb4 29. Rd5 Rd8 30. e4 fxe4 31. fxe4 Rxf1+ 32. Qxf1 Rxd5 33. cxd5 Nxe4 34. Qd3 Qc5+ 0-1


[Site "https://www.chess.com"]

[Event "Titled Tuesday Blitz May 16 Late 2023"]
[White "Arias Igual, Alejandro"]
[Black "Boor, Carl"]
[WhiteFideId "2254905"]
[BlackFideId "2017008"]
[WhiteElo "2179"]
[BlackElo "2330"]
[Result "0-1"]
[Round "06"]
[TimeControl "180+2"]
[Date "2023.05.16"]
[WhiteClock "0:00:00"]
[BlackClock "0:00:08"]

1. d4 d5 2. e4 dxe4 3. Nc3 e5 4. d5 f5 5. Bc4 Bd6 6. f3 exf3 7. Nxf3 Nf6 8. Bg5 O-O 9. Qe2 h6 10. Bh4 g5 11. Bf2 a6 12. O-O-O b5 13. Bb3 Nbd7 14. Kb1 Rb8 15. Qd2 b4 16. Na4 Ne4 17. Qe2 Nxf2 18. Qxf2 Qe7 19. Qe2 Nf6 20. Rhe1 Re8 21. h3 Qg7 22. Nd2 Bd7 23. Nc4 Bb5 24. Qf2 f4 25. Nc5 e4 26. Ne6 Qg6 27. Nxd6 cxd6 28. Qd4 a5 29. g3 f3 30. Re3 Qf5 31. Bc4 Qe5 32. Qxe5 dxe5 33. Bxb5 Rxb5 34. Nc7 Rbb8 35. Nxe8 Rxe8 36. Kc1 Rd8 37. d6 Kf7 38. d7 Ke6 39. Rd2 Rxd7 40. Rxd7 Kxd7 41. Kd1 Ke6 42. a3 Kf5 43. axb4 axb4 44. Rb3 Nd5 45. c4 bxc3 46. bxc3 e3 47. c4 Nf6 48. Rxe3 e4 49. Ke1 g4 50. h4 Ke5 51. Ra3 Kd4 52. c5 e3 53. Ra4+ Kd3 54. Ra3+ Kd4 55. Ra6 Ne4 0-1


[Site "https://www.chess.com"]

[Event "Titled Tuesday Blitz May 16 Late 2023"]
[White "Poltorak, Sebastian"]
[Black "Djordjevic, Dejan N"]
[WhiteFideId "1199498"]
[BlackFideId "913316"]
[WhiteElo "2195"]
[BlackElo "2261"]
[Result "0-1"]
[Round "06"]
[TimeControl "180+2"]
[Date "2023.05.16"]
[WhiteClock "0:00:05"]
[BlackClock "0:00:02"]

1. d4 Nf6 2. c4 g6 3. f3 d6 4. e4 Bg7 5. Ne2 O-O 6. Be3 Nc6 7. Nbc3 e5 8. d5 Ne7 9. Qd2 Ne8 10. O-O-O f5 11. h4 f4 12. Bf2 h6 13. Kb1 Rf6 14. Nc1 Kh7 15. Nd3 c5 16. dxc6 Nxc6 17. c5 Be6 18. Nd5 Rf7 19. cxd6 Qxd6 20. Bc5 Qd8 21. N3b4 Rd7 22. Bb5 Rc8 23. h5 g5 24. Qe2 Qa5 25. Rc1 Rf7 26. Rhd1 Nf6 27. Bxc6 bxc6 28. Ne7 Rc7 29. Nexc6 Rxc6 30. Nxc6 Qxa2+ 31. Kc2 Bb3+ 32. Kc3 Bxd1 33. Qxd1 Rb7 34. Nb4 Qa5 35. Qd6 Rd7 36. Qc6 Rc7 37. Kc4 Rxc6 38. Nxc6 Qa4+ 39. Nb4 Nd7 40. b3 Qa3 41. Rd1 Nxc5 42. Nd5 Nxb3 43. Rd3 Qa4+ 44. Kc3 Nd4 45. Nb4 Qb5 46. Rd2 Bf8 47. Nd5 Qc5+ 48. Kb2 a5 49. Rd3 Qb5+ 50. Kc3 a4 51. Kd2 Qb2+ 52. Kd1 a3 53. Rxa3 Qxa3 54. Nf6+ Kg7 0-1


[Site "https://www.chess.com"]

[Event "Titled Tuesday Blitz May 16 Late 2023"]
[White "Denishev, Marat"]
[Black "Kev4444444444"]
[WhiteFideId "24131563"]
[WhiteElo "2311"]
[BlackElo "2159"]
[Result "1-0"]
[Round "06"]
[TimeControl "180+2"]
[Date "2023.05.16"]
[WhiteClock "0:01:04"]
[BlackClock "0:00:31"]

1. d4 c5 2. d5 Nf6 3. c4 e6 4. Nc3 exd5 5. cxd5 d6 6. e4 g6 7. Nf3 Bg7 8. h3 O-O 9. Bd3 a6 10. a4 Re8 11. O-O Nbd7 12. Bf4 Qc7 13. Nd2 Nh5 14. Bh2 Ne5 15. Be2 Nf6 16. f4 Ned7 17. Bf3 Rb8 18. a5 b5 19. axb6 Rxb6 20. Nc4 Rb4 21. Qd3 Nb6 22. Na5 Rd4 23. Qc2 Nc4 24. Nxc4 Rxc4 25. e5 Nd7 26. e6 Bd4+ 27. Kh1 Nf6 28. f5 Bb7 29. Qe2 Rb4 30. fxg6 fxg6 31. Ne4 Nxd5 32. Bg4 Be5 33. Rf7 Bxh2 34. Rxc7 Nxc7 35. Nf6+ Kf8 36. Nxe8 Kxe8 37. Kxh2 Re4 38. Qf3 d5 39. Qf7+ Kd8 40. Qd7# 1-0


[Site "https://www.chess.com"]

[Event "Titled Tuesday Blitz May 16 Late 2023"]
[White "Ollier, Pablo"]
[Black "Simonian, Hrair"]
[WhiteFideId "652318"]
[BlackFideId "13302337"]
[WhiteElo "2502"]
[BlackElo "2447"]
[Result "0-1"]
[Round "06"]
[TimeControl "180+2"]
[Date "2023.05.16"]
[WhiteClock "0:00:00"]
[BlackClock "0:01:19"]

1. d4 Nf6 2. c4 e6 3. Nc3 Bb4 4. e3 O-O 5. Bd3 d5 6. a3 Bxc3+ 7. bxc3 c5 8. cxd5 exd5 9. Ne2 Nc6 10. O-O Bg4 11. f3 Bh5 12. Ng3 Bg6 13. Ra2 Re8 14. Re2 Qd7 15. Bb2 Rac8 16. Bxg6 hxg6 17. e4 dxe4 18. fxe4 Rcd8 19. d5 Ne5 20. Ref2 c4 21. Bc1 Nfg4 22. Rf4 f6 23. Bd2 g5 24. Rf5 Nh6 0-1


[Site "https://www.chess.com"]

[Event "Titled Tuesday Blitz May 16 Late 2023"]
[White "Ljukin, Sergei"]
[Black "Karimov, Alisher"]
[WhiteFideId "14102200"]
[BlackFideId "14700280"]
[WhiteElo "2312"]
[BlackElo "2186"]
[Result "0-1"]
[Round "06"]
[TimeControl "180+2"]
[Date "2023.05.16"]
[WhiteClock "0:00:00"]
[BlackClock "0:00:13"]

1. e4 g6 2. d4 Bg7 3. Nc3 d6 4. f4 c5 5. dxc5 dxc5 6. Qxd8+ Kxd8 7. Be3 Bxc3+ 8. bxc3 b6 9. Nf3 Bb7 10. Ne5 Ke8 11. O-O-O Nf6 12. f5 a6 13. Bc4 Rf8 14. Bh6 Nc6 15. Nxc6 Bxc6 16. Bxf8 Kxf8 17. fxg6 hxg6 18. Bd5 Bxd5 19. exd5 Ne4 20. Rhf1 Nxc3 21. Rd3 Nxa2+ 22. Kb1 Nb4 23. Rd2 Rd8 24. Rfd1 a5 25. c3 Na6 26. Rf1 Nc7 27. c4 Ne8 28. g4 Nd6 0-1


[Site "https://www.chess.com"]

[Event "Titled Tuesday Blitz May 16 Late 2023"]
[White "Petrovic, Aleksa"]
[Black "Fishbein, Mitch"]
[WhiteFideId "967629"]
[BlackFideId "30922917"]
[WhiteElo "2309"]
[BlackElo "1964"]
[Result "1-0"]
[Round "06"]
[TimeControl "180+2"]
[Date "2023.05.16"]
[WhiteClock "0:00:16"]
[BlackClock "0:00:03"]

1. d4 Nf6 2. c4 g6 3. f3 Bg7 4. e4 d6 5. Nc3 O-O 6. Nge2 c5 7. d5 e6 8. Ng3 exd5 9. cxd5 h5 10. Bg5 a6 11. a4 Re8 12. Be2 Qb6 13. Qd2 Nh7 14. a5 Qc7 15. Bh6 h4 16. Bxg7 Kxg7 17. Nf1 Nd7 18. Ne3 b5 19. axb6 Nxb6 20. O-O Qe7 21. f4 f5 22. e5 dxe5 23. d6 Qe6 24. fxe5 Qxe5 25. Nc4 Nxc4 26. Bxc4 Qd4+ 27. Qxd4+ cxd4 28. Nd5 Rd8 29. Nb6 Rb8 30. Nxc8 Rbxc8 31. Bxa6 Rb8 32. Rfd1 Rxd6 33. Bf1 Rxb2 34. Ra4 Nf6 35. Raxd4 Rxd4 36. Rxd4 Ne4 37. Rd7+ Kf6 38. Rd1 g5 39. Re1 g4 40. Bd3 Ng5 41. Rf1 Rd2 42. Bxf5 Kg7 43. Bxg4 Ne4 44. Bf3 Nf6 45. Ra1 Rd7 46. Ra4 h3 47. g3 Rd2 48. Rh4 Kg6 49. Rxh3 Kg5 50. Rh4 Nd7 51. Rf4 Ne5 52. h4+ Kg6 53. Be4+ Kg7 54. Rf2 Rd4 55. Re2 Ng4 56. Kg2 Nf6 57. Bf3 Rb4 58. Kh3 Nd7 59. g4 Kf6 60. g5+ Kf5 61. Rf2 Ne5 62. Bh5+ Ke6 63. Rf6+ Ke7 64. Rf5 Rb3+ 65. Kh2 Rb2+ 66. Kg3 Rb3+ 67. Kf4 Nd3+ 68. Ke4 Nf2+ 69. Rxf2 Rb4+ 70. Kf5 Rxh4 71. Re2+ Kf8 72. Re8+ Kg7 73. Bf3 Rh3 74. Bg4 Rh2 75. Re7+ Kf8 76. Ra7 Rf2+ 77. Kg6 Rf1 78. Bf5 Ke8 79. Ra8+ Ke7 80. Rg8 Rf2 81. Rg7+ Kf8 82. Be6 Ke8 83. Rf7 Re2 84. Bd7+ Kd8 85. Bb5 Rd2 86. Rd7+ Rxd7 87. Bxd7 Kxd7 88. Kf7 1-0


[Site "https://www.chess.com"]

[Event "Titled Tuesday Blitz May 16 Late 2023"]
[White "Saveliev, Alexei"]
[Black "Wizard_of_Odds"]
[WhiteFideId "24128546"]
[WhiteElo "2271"]
[BlackElo "2456"]
[Result "1-0"]
[Round "06"]
[TimeControl "180+2"]
[Date "2023.05.16"]
[WhiteClock "0:00:06"]
[BlackClock "0:00:01"]

1. c4 b6 2. Nc3 Bb7 3. d4 e6 4. a3 Nf6 5. d5 Bd6 6. Nf3 O-O 7. g3 c6 8. Bg5 cxd5 9. cxd5 h6 10. h4 Re8 11. Bg2 exd5 12. Qd3 Na6 13. Qf5 Be7 14. O-O-O Rc8 15. Kb1 g6 16. Qh3 Kg7 17. g4 d6 18. h5 Rh8 19. Be3 gxh5 20. gxh5 Qd7 21. Nd4 Qxh3 22. Bxh3 Rxc3 23. Rhg1+ Kf8 24. bxc3 Nc5 25. Nf5 Nce4 26. Bxh6+ Ke8 27. Kc2 Nxf2 28. Bg2 Nxd1 29. Kxd1 Bc8 30. Nxe7 Kxe7 31. Bg5 Rxh5 32. Bf3 Rh3 33. Rf1 Be6 34. Bg2 Rg3 35. Bxf6+ Kd7 36. Bf3 d4 37. cxd4 Bc4 38. Kd2 Rg6 39. Bh4 Re6 40. Bg4 f5 41. Bxf5 Kc6 42. Bxe6 Bxe6 43. e4 Bc4 44. Rc1 Kb5 45. Kc3 Be2 46. Be7 Bf3 47. Re1 Kc6 48. d5+ Kc5 49. Re3 Bg2 50. e5 Kxd5 51. Bxd6 Bh3 52. Rxh3 a5 53. a4 Kc6 54. Kc4 Kb7 55. Kb5 Ka7 56. Rh7+ Ka8 57. Rh6 Ka7 58. e6 Kb7 59. Rh7+ Ka8 60. Bc5 Kb8 61. Kc6 Ka8 62. Kxb6 Kb8 63. Rh8# 1-0


[Site "https://www.chess.com"]

[Event "Titled Tuesday Blitz May 16 Late 2023"]
[White "Sai Han Thiha"]
[Black "Sargsyan, Anna M."]
[WhiteFideId "13012290"]
[BlackFideId "13308130"]
[WhiteElo "1954"]
[BlackElo "2284"]
[Result "0-1"]
[Round "06"]
[TimeControl "180+2"]
[Date "2023.05.16"]
[WhiteClock "0:00:00"]
[BlackClock "0:00:12"]

1. d4 d5 2. Nf3 Nf6 3. c3 Bf5 4. Qb3 Qc8 5. c4 dxc4 6. Qxc4 e6 7. Nc3 c6 8. Nh4 Bg6 9. Nxg6 hxg6 10. e4 Nbd7 11. f3 Be7 12. Be3 Qc7 13. e5 Nd5 14. Nxd5 exd5 15. Qb3 Bh4+ 16. Kd2 O-O 17. Bd3 Rae8 18. g3 Bd8 19. Rac1 g5 20. f4 f6 21. Rhf1 gxf4 22. gxf4 fxe5 23. fxe5 Rxf1 24. Rxf1 Nxe5 25. dxe5 Qxe5 26. Bf4 Qd4 27. Qc3 Qa4 28. Bd6 Ba5 29. b4 Qxa2+ 30. Bc2 Bb6 31. Ra1 Qc4 32. Qxc4 dxc4 33. Bc5 Bc7 34. Rxa7 Bxh2 35. Rxb7 Be5 36. Bg6 Rd8+ 37. Ke3 c3 38. Re7 Bf6 39. Re4 c2 40. Rc4 c1=Q+ 41. Rxc1 Bg5+ 42. Ke4 Bxc1 43. Be7 Rb8 44. Bd6 Rb5 45. Bc5 Ba3 0-1


[Site "https://www.chess.com"]

[Event "Titled Tuesday Blitz May 16 Late 2023"]
[White "Al-Tarboush, Ward"]
[Black "Pasti, Aron"]
[WhiteFideId "7601450"]
[BlackFideId "785857"]
[WhiteElo "2265"]
[BlackElo "2173"]
[Result "0-1"]
[Round "06"]
[TimeControl "180+2"]
[Date "2023.05.16"]
[WhiteClock "0:00:25"]
[BlackClock "0:00:57"]

1. Nc3 d5 2. d4 Nf6 3. Bg5 Ne4 4. Nxe4 dxe4 5. e3 c5 6. Bb5+ Bd7 7. Bxd7+ Nxd7 8. d5 Qb6 9. Rb1 O-O-O 10. Ne2 h6 11. Bf4 Nf6 12. Nc3 e6 13. O-O exd5 14. Be5 Qe6 15. Bxf6 gxf6 16. Qh5 f5 17. Ne2 Bd6 18. g3 Rdg8 19. Rfd1 Rg5 20. Qh3 h5 21. b3 h4 22. c4 Qf6 23. Rxd5 hxg3 24. Rxd6 gxf2+ 25. Kh1 Qg7 26. Qf1 Rxh2+ 27. Kxh2 Rh5+ 28. Qh3 Rxh3+ 29. Kxh3 Qg4+ 30. Kh2 Qxe2 0-1


[Site "https://www.chess.com"]

[Event "Titled Tuesday Blitz May 16 Late 2023"]
[White "Adan Bermudez, Sergio"]
[Black "Papayan, Oleg"]
[WhiteFideId "2292726"]
[BlackFideId "4193911"]
[WhiteElo "2292"]
[BlackElo "2171"]
[Result "0-1"]
[Round "06"]
[TimeControl "180+2"]
[Date "2023.05.16"]
[WhiteClock "0:00:25"]
[BlackClock "0:00:28"]

1. c4 e5 2. Nc3 Nf6 3. Nf3 e4 4. Ng5 c6 5. Ngxe4 Nxe4 6. Nxe4 d5 7. cxd5 cxd5 8. Nc3 d4 9. Nb1 Nc6 10. d3 h5 11. Nd2 h4 12. h3 Qf6 13. a3 Qg6 14. Nf3 Bd6 15. Qa4 Bd7 16. Nxd4 O-O 17. Nxc6 Bxc6 18. Qxh4 Rfe8 19. e3 Rac8 20. Qg4 Qf6 21. Be2 Bb5 22. O-O Rc2 23. Re1 Re5 24. d4 Rg5 25. Qf3 Rxe2 0-1


[Site "https://www.chess.com"]

[Event "Titled Tuesday Blitz May 16 Late 2023"]
[White "Adla, Diego"]
[Black "Prydun, Andriy"]
[WhiteFideId "100072"]
[BlackFideId "14145898"]
[WhiteElo "2377"]
[BlackElo "2164"]
[Result "1-0"]
[Round "06"]
[TimeControl "180+2"]
[Date "2023.05.16"]
[WhiteClock "0:01:11"]
[BlackClock "0:00:21"]

1. c4 e6 2. g3 d5 3. Bg2 Nf6 4. Nf3 dxc4 5. Qa4+ Bd7 6. Qxc4 Bc6 7. O-O Nbd7 8. Nc3 Bd6 9. Rd1 O-O 10. e4 Qe7 11. Qe2 e5 12. d4 exd4 13. Nxd4 Rfe8 14. Nxc6 bxc6 15. f4 Bc5+ 16. Kh1 Rab8 17. e5 h5 18. Bf3 h4 19. exf6 Qxf6 20. Qg2 hxg3 21. Ne4 Qf5 22. Nxg3 Qe6 23. f5 Qe5 24. Rxd7 Qe1+ 25. Qf1 Qxf1+ 26. Nxf1 Re1 27. Kg2 Rbe8 28. Rd2 R8e5 29. Rc2 Rxf5 30. a4 Bd4 31. Ra3 Rf6 32. Rd3 Rg6+ 33. Ng3 c5 34. Re2 Rxc1 35. Kh3 Rg1 36. Re8+ Kh7 37. Be4 Kh6 38. Rh8+ Kg5 39. Rh5+ Kf6 40. Bxg6 fxg6 41. Rd5 g5 42. b4 1-0


[Site "https://www.chess.com"]

[Event "Titled Tuesday Blitz May 16 Late 2023"]
[White "Moore, Nicholas"]
[Black "D`Arruda, Ricardo D."]
[WhiteFideId "4303709"]
[BlackFideId "100692"]
[WhiteElo "2578"]
[BlackElo "2416"]
[Result "0-1"]
[Round "06"]
[TimeControl "180+2"]
[Date "2023.05.16"]
[WhiteClock "0:01:37"]
[BlackClock "0:01:26"]

1. d4 Nf6 2. c4 e5 3. dxe5 Ne4 4. Bf4 Nc6 5. Nf3 g5 6. Bg3 Bg7 7. Qd4 Nxd4 8. Nxd4 Nxg3 9. hxg3 Bxe5 10. e3 Bxd4 11. exd4 d6 12. Be2 Bf5 13. Nc3 Qf6 14. O-O-O O-O-O 15. g4 Be6 16. Rhf1 c6 17. Kb1 d5 18. c5 h5 19. gxh5 g4 20. f3 g3 21. f4 Bf5+ 22. Ka1 Rde8 23. Bf3 Re3 24. Ne2 Bd3 25. Rfe1 Bxe2 26. Rxe2 Rxe2 27. Bxe2 Qxf4 28. Bf3 f5 29. a3 Qg5 30. Ka2 Rxh5 31. Bxh5 Qxh5 32. Rf1 Qe2 33. Rxf5 Qxg2 34. Rf8+ Kd7 35. Rf7+ Ke6 36. Rxb7 Qf2 37. Rc7 g2 38. Rxc6+ Kd7 39. Rd6+ Ke7 40. Rg6 g1=Q 41. Rxg1 Qxg1 42. b4 Qxd4 43. Kb3 Qc4+ 44. Ka4 d4 45. Ka5 d3 46. a4 d2 47. b5 d1=Q 48. c6 Qd8+ 49. c7 Qdxc7+ 50. b6 Qxb6# 0-1


[Site "https://www.chess.com"]

[Event "Titled Tuesday Blitz May 16 Late 2023"]
[White "Gatterer, Florian"]
[Black "koncheto"]
[WhiteFideId "811688"]
[WhiteElo "2221"]
[BlackElo "2563"]
[Result "0-1"]
[Round "06"]
[TimeControl "180+2"]
[Date "2023.05.16"]
[WhiteClock "0:00:00"]
[BlackClock "0:00:07"]

1. Nf3 g5 2. Nxg5 e5 3. d4 Be7 4. Nf3 e4 5. Ne5 d6 6. Nc4 d5 7. Ne3 f5 8. g3 h5 9. c4 c6 10. cxd5 cxd5 11. Qb3 Nf6 12. Ng2 Nc6 13. e3 h4 14. Nxh4 Rxh4 15. gxh4 f4 16. Nc3 Be6 17. Bd2 Ng4 18. Qxb7 Nb4 19. O-O-O Nxf2 20. Qb5+ Kf7 21. Qe2 Nxh1 22. Qh5+ Kf8 23. Qh8+ Bg8 24. Qh6+ Ke8 25. Bb5+ Kf7 26. Rxh1 Qd6 27. Qh5+ Qg6 28. Qxg6+ Kxg6 29. Rg1+ Kf7 30. h5 a6 31. Be2 Rc8 32. h6 Nxa2+ 33. Kd1 Nxc3+ 34. bxc3 f3 35. Bxa6 Rc6 36. Bb5 Rxh6 0-1


[Site "https://www.chess.com"]

[Event "Titled Tuesday Blitz May 16 Late 2023"]
[White "Karttunen, Mika"]
[Black "Gutkin, Ilya"]
[WhiteFideId "502081"]
[BlackFideId "16203470"]
[WhiteElo "2396"]
[BlackElo "2265"]
[Result "1-0"]
[Round "06"]
[TimeControl "180+2"]
[Date "2023.05.16"]
[WhiteClock "0:00:09"]
[BlackClock "0:00:00"]

1. d4 e6 2. c4 b6 3. Nc3 Bb7 4. a3 f5 5. Nf3 Nf6 6. g3 Ne4 7. Qc2 Be7 8. Bg2 O-O 9. O-O Nxc3 10. Qxc3 Bf6 11. Qd2 Be4 12. b3 c5 13. Bb2 Nc6 14. dxc5 Bxb2 15. Qxb2 bxc5 16. b4 Rb8 17. b5 Qa5 18. e3 Qa4 19. Qc3 Na5 20. Ne5 Bxg2 21. Kxg2 Rfd8 22. Rac1 d6 23. Nd3 a6 24. bxa6 Rb3 25. Qc2 Rxa3 26. Nf4 Qc6+ 27. Kg1 Kf7 28. Ra1 Rxa1 29. Rxa1 Qxa6 30. Qa4 g5 31. Nh5 Kg6 32. g4 Qxc4 33. Qxa5 Qxg4+ 34. Ng3 Rd7 35. Qb5 Rf7 36. Qe2 Qxe2 37. Nxe2 d5 38. Ra6 Kf6 39. Rc6 c4 40. Nd4 Re7 41. f4 gxf4 42. exf4 Kf7 43. Kf2 e5 44. Nxf5 Re6 45. Nh6+ Kf6 46. Ng4+ Kf5 47. Rxe6 Kxe6 48. Nxe5 Kf5 49. Kf3 c3 50. Nd3 d4 51. Nc1 h6 52. Nd3 h5 53. Nc1 h4 54. h3 1-0


[Site "https://www.chess.com"]

[Event "Titled Tuesday Blitz May 16 Late 2023"]
[White "Mickiewicz, Piotr"]
[Black "Aggelis, Nikolaos"]
[WhiteFideId "1114891"]
[BlackFideId "4213220"]
[WhiteElo "2246"]
[BlackElo "2189"]
[Result "1-0"]
[Round "06"]
[TimeControl "180+2"]
[Date "2023.05.16"]
[WhiteClock "0:01:41"]
[BlackClock "0:00:58"]

1. c4 f5 2. g3 d6 3. Bg2 e5 4. Nc3 Nf6 5. e3 e4 6. Nge2 Nc6 7. d4 exd3 8. Nf4 Be7 9. Qxd3 Ne5 10. Qc2 O-O 11. Ncd5 c6 12. Nxe7+ Qxe7 13. O-O g5 14. Nd3 Be6 15. b3 Rac8 16. Ba3 f4 17. Nxe5 c5 18. Nd3 Bf5 19. exf4 gxf4 20. Rfe1 Qg7 21. Qd2 fxg3 22. hxg3 Ng4 23. Nf4 Rce8 24. Bb2 Qg5 25. Bd5+ 1-0


[Site "https://www.chess.com"]

[Event "Titled Tuesday Blitz May 16 Late 2023"]
[White "Reprintsev, Alexander"]
[Black "Prieto Aranguren, Alain"]
[WhiteFideId "14100541"]
[BlackFideId "2268906"]
[WhiteElo "2218"]
[BlackElo "2209"]
[Result "0-1"]
[Round "06"]
[TimeControl "180+2"]
[Date "2023.05.16"]
[WhiteClock "0:00:58"]
[BlackClock "0:00:44"]

1. e4 c6 2. Nc3 d5 3. Nf3 Bg4 4. h3 Bh5 5. exd5 cxd5 6. g4 Bg6 7. Ne5 Nc6 8. d4 e6 9. h4 f6 10. Nxg6 hxg6 11. Bf4 Bb4 12. Qd3 Nge7 13. a3 Qa5 14. O-O-O Bxc3 15. Qxc3 Qxc3 16. bxc3 Rc8 17. c4 Na5 18. c5 b6 19. Bb5+ Kf7 20. Rde1 Rhd8 21. Ba6 bxc5 22. Bxc8 Rxc8 23. dxc5 Rxc5 24. Bd6 Rc4 25. Bxe7 Kxe7 26. f3 Nc6 27. h5 gxh5 28. gxh5 Nd4 29. h6 gxh6 30. Rxh6 Nxc2 31. Rg1 Nxa3+ 32. Kb2 Nb5 33. Rg7+ Kd6 34. Rxf6 Ke5 35. Rf8 Nd4 36. Rxa7 Rc2+ 37. Kb1 Rf2 38. Ra3 Nb5 39. Re3+ Kd4 40. Rxe6 Nc3+ 41. Kc1 Kd3 0-1


[Site "https://www.chess.com"]

[Event "Titled Tuesday Blitz May 16 Late 2023"]
[White "Georg, Heinz"]
[Black "cristianserban1"]
[WhiteFideId "4607295"]
[WhiteElo "2316"]
[BlackElo "2523"]
[Result "1/2-1/2"]
[Round "06"]
[TimeControl "180+2"]
[Date "2023.05.16"]
[WhiteClock "0:00:09"]
[BlackClock "0:00:01"]

1. c4 e6 2. Nf3 d5 3. d4 c6 4. g3 dxc4 5. Bg2 Bb4+ 6. Bd2 a5 7. a3 Bxd2+ 8. Nbxd2 b5 9. a4 Bb7 10. Qc2 Nf6 11. axb5 cxb5 12. b3 cxb3 13. Nxb3 Nbd7 14. O-O O-O 15. Nc5 Nxc5 16. dxc5 Qc7 17. Rfc1 Rfc8 18. Nd4 Bxg2 19. Kxg2 e5 20. Nf5 Ra6 21. Qd3 g6 22. Qxb5 Rc6 23. Nd6 Rxc5 24. Rxc5 Qxc5 25. Qxc5 Rxc5 26. Nb7 Rc2 27. Kf1 Ne4 28. Rxa5 f6 29. f3 Nd2+ 30. Ke1 Nb3 31. Ra3 Nd4 32. Re3 Kf7 33. Nd6+ Ke6 34. Ne4 f5 35. Nd2 Rc1+ 36. Kf2 Rc2 37. Nb3 Nc6 38. f4 e4 39. Ke1 Kd5 40. Nd2 Rc1+ 41. Kf2 Rc2 42. Ke1 Nd4 43. Nb3 Nc6 44. Nd2 1/2-1/2


[Site "https://www.chess.com"]

[Event "Titled Tuesday Blitz May 16 Late 2023"]
[White "Rodriguez Polo, Mateo"]
[Black "Ilkhomi, Jaloliddin"]
[WhiteFideId "24509396"]
[BlackFideId "14700948"]
[WhiteElo "2117"]
[BlackElo "2045"]
[Result "1-0"]
[Round "06"]
[TimeControl "180+2"]
[Date "2023.05.16"]
[WhiteClock "0:00:12"]
[BlackClock "0:01:58"]

1. Nf3 Nf6 2. c4 e6 3. g3 b6 4. Bg2 Bb7 5. O-O Be7 6. b3 O-O 7. Nc3 c5 8. d4 cxd4 9. Qxd4 Nc6 10. Qf4 d6 11. Rd1 a6 12. Ba3 e5 13. Qd2 Ne8 14. Nd5 b5 15. Nxe7+ Qxe7 16. Bxd6 Nxd6 17. Qxd6 Qxd6 18. Rxd6 bxc4 19. bxc4 Rad8 20. Rxd8 Rxd8 21. Nxe5 Nxe5 22. Bxb7 Nxc4 23. Bxa6 Na3 24. Bd3 g6 25. Rc1 Ra8 26. Rc7 Ra5 27. Rb7 Kg7 28. Rb3 h5 29. h4 Ra4 30. Rc3 Ra5 31. Kg2 Kf6 32. Kf3 Ke5 33. Ke3 Kd5 34. Kd2 f6 35. Bxg6 Nc4+ 36. Kc1 Kd4 37. Rd3+ Kc5 38. Rc3 Kd4 39. Rd3+ Kc5 40. Bxh5 Rxa2 41. Rc3 Kb4 42. Rxc4+ Kb3 43. Bf7 Ra1+ 44. Kd2 Ka3 45. Rc3+ Kb4 46. Rc2 Ra7 47. Bg6 Kb3 48. Bd3 Rd7 49. Ke3 Kb4 50. Rc4+ Kb5 51. Rc2+ Kb4 52. Rc4+ Kb3 53. Rd4 Re7+ 54. Re4 Rg7 55. Rc4 Re7+ 56. Kf4 Re5 57. g4 Ra5 58. h5 Ra1 59. e4 Rh1 60. f3 Rd1 61. Rd4 Kc3 62. Rd8 Ra1 63. h6 Rh1 64. Rh8 Kxd3 65. h7 Ke2 66. e5 fxe5+ 67. Kxe5 Kxf3 68. g5 Kg4 69. g6 Re1+ 70. Kd4 Rd1+ 71. Ke3 Rd8 72. Rxd8 1-0


[Site "https://www.chess.com"]

[Event "Titled Tuesday Blitz May 16 Late 2023"]
[White "ProphetReborn"]
[Black "Silvestre, Christian"]
[BlackFideId "30956269"]
[WhiteElo "2850"]
[BlackElo "2339"]
[Result "1-0"]
[Round "06"]
[TimeControl "180+2"]
[Date "2023.05.16"]
[WhiteClock "0:01:15"]
[BlackClock "0:00:00"]

1. d4 e5 2. dxe5 Nc6 3. Nf3 Qe7 4. Bf4 Qb4+ 5. Bd2 Qxb2 6. Nc3 Bb4 7. Rb1 Qxc3 8. Bxc3 Bxc3+ 9. Nd2 Nxe5 10. e3 Ne7 11. Be2 b6 12. O-O Bb7 13. Nc4 Nxc4 14. Bxc4 d5 15. Bb5+ c6 16. Bd3 f5 17. Rb3 Be5 18. c4 O-O-O 19. cxd5 Rxd5 20. Qe2 Rhd8 21. Rc1 Kb8 22. g3 g6 23. a4 c5 24. a5 Nc8 25. e4 Rxd3 26. Rxd3 Ba6 27. Rxd8 Bxe2 28. exf5 gxf5 29. Re8 Bb2 30. Rc2 Bb5 31. Rxc8+ Kxc8 32. Rxb2 a6 33. axb6 Kb7 34. f3 c4 35. Kf2 Kxb6 36. Ke3 Kc5 37. Rd2 c3 38. Rd8 Kc4 39. Rh8 Kb3 40. Rxh7 a5 41. Rb7 Kb4 42. h4 a4 43. h5 a3 44. Ra7 Ba4 45. Rb7+ Bb5 46. h6 a2 47. h7 c2 48. h8=Q c1=Q+ 49. Kf2 Qd2+ 50. Kg1 Qe3+ 51. Kh2 Qe2+ 52. Kh3 Qf1+ 53. Kh2 Qf2+ 54. Kh3 Qf1+ 55. Kh2 Qf2+ 56. Kh1 Qxf3+ 57. Kg1 Qxb7 58. Qb2+ Ka4 59. Qxa2+ Kb4 60. Qb2+ Kc5 61. Qe5+ Kb6 62. Qxf5 Qc6 63. Kh2 Qc5 64. Qe6+ Qc6 65. Qe3+ Qc5 66. Qh6+ Qc6 67. Qf8 Qc5 68. Qb8+ Kc6 69. Qc8+ Kd5 70. Qd8+ Kc4 71. Qg8+ Kb4 72. g4 Bc4 73. Qb8+ Qb5 74. Qd6+ Qc5 75. Qd2+ Kb5 76. g5 Qc7+ 77. Kh3 Be6+ 78. Kh4 Qh7+ 79. Kg3 Qh3+ 80. Kf4 Qf5+ 81. Kg3 Qg4+ 82. Kf2 Qh4+ 83. Kf3 Bg4+ 84. Kf4 Be6+ 85. Ke5 Bc4 86. g6 Qg3+ 87. Kf6 Qf3+ 88. Kg7 Qb7+ 89. Kh6 Qh1+ 90. Kg5 Qg1+ 91. Kf6 Qf1+ 92. Kg7 Qh3 93. Qb2+ Kc5 94. Qe5+ Bd5 95. Qc7+ Kd4 96. Qf4+ Kc5 97. Qc1+ Kd4 98. Qa3 Ke4 99. Qxh3 1-0


[Site "https://www.chess.com"]

[Event "Titled Tuesday Blitz May 16 Late 2023"]
[White "Novikova, Galina"]
[Black "Tristan, Leonardo"]
[WhiteFideId "4157095"]
[BlackFideId "113816"]
[WhiteElo "1953"]
[BlackElo "2461"]
[Result "0-1"]
[Round "06"]
[TimeControl "180+2"]
[Date "2023.05.16"]
[WhiteClock "0:00:00"]
[BlackClock "0:00:08"]

1. e4 d5 2. exd5 Qxd5 3. Nf3 Bg4 4. Be2 Nc6 5. d4 O-O-O 6. Be3 e5 7. c4 Qa5+ 8. Bd2 Bb4 9. d5 Bxf3 10. Bxf3 Nd4 11. Nc3 Qa6 12. Be2 f5 13. O-O Nf6 14. a3 Bxc3 15. Bxc3 Nxe2+ 16. Qxe2 Rxd5 17. Qf3 Qxc4 18. Qxf5+ Kb8 19. Rac1 Qe4 20. Qe6 Re8 21. Qf7 Rd7 22. Qb3 Qd5 23. Qc2 Qd3 24. Qa4 c6 25. Rfd1 Qb5 26. Qc2 Rd5 27. a4 Qc5 28. b4 Qd6 29. h3 g6 30. b5 cxb5 31. axb5 Rxd1+ 32. Rxd1 Qc5 33. Qb2 Ne4 34. Be1 Rc8 35. Qe2 Nc3 36. Bxc3 Qxc3 37. b6 axb6 38. Qb5 Qc5 39. Qb2 Rf8 40. Rc1 Qd4 41. Qc2 Qd7 42. Ra1 Qf5 43. Qa2 Kc7 44. Rc1+ Kd7 45. Qd2+ Ke6 46. Rd1 Kf6 47. Qd6+ Kg7 48. Qd2 Rf7 49. Qe2 e4 50. Qe3 Qc5 51. Qe2 Re7 52. Qb2+ Qe5 53. Qe2 e3 54. f3 Qg3 55. Rd3 Qf4 56. Rd1 Qb4 57. Re1 Qc5 58. Kh1 b5 59. Kh2 Qe5+ 60. Kh1 b4 61. Rb1 Qc3 62. Re1 b3 63. Qb5 b2 64. Kh2 e2 65. Rb1 Qe5+ 66. Qxe5+ Rxe5 67. Rxb2 e1=Q 68. Rxb7+ Re7 0-1


[Site "https://www.chess.com"]